Selects Airborne Battlegroup
Construct Weapon Support Center
Selects Paratrooper Squad Paradrop
Paratrooper Squad Paradrop
Construct Medical Station
M3 Armored Personnel Carrier
Selects Anti-tank Gun Team Paradrop
Anti-tank Gun Team Paradrop
Anti-tank Gun Team Paradrop
Selects Smoke Bombing Run
Selects Dual P-47 Rocket Strike
Paratrooper Squad Paradrop
M4(105) Sherman Bulldozer
Anti-tank Gun Team Paradrop